Map: Ruins of Endion

Players

Enzuru - Winner!

  • Race: Zerg Zerg
  • League: Platinum

blackxored

  • Race: Zerg Zerg
  • League: Diamond

VOD

Have the link to the VOD?

Description

Time

  • Played on: July 1, 2016, 10:38 p.m.
  • Length: 7:23
Show
View Real Time Build Order
Export as new Build Order

Enzuru Zerg - Winner!

Build Orders: Pool First 

Get SALT Encoding   

  12  0:01  Drone  
  13  0:08  Drone  
  14  0:26  Spawning Pool  
  13  0:29  Drone  
  14  0:37  Overlord  
  14  0:43  Extractor  
  14  0:44  Drone  
  14  0:56  Drone  
  15  0:57  Drone  
  16  1:06  Drone  
  17  1:13  Queen  
  19  1:20  Overlord  
  19  1:27  Zergling x2  
  20  1:35  Zergling x2  
  21  1:45  Zergling x2  
  22  1:54  Metabolic Boost  
  22  2:00  Zergling x2  
  23  2:03  Baneling Nest  
  22  2:09  Zergling x2  
  23  2:17  Zergling x2  
  23  2:19  Queen  
  23  2:22  Zergling x4  
  28  2:23  Zergling x2  
  29  2:31  Zergling x2  
  30  2:45  Overlord  
  30  3:03  Baneling x2  
  30  3:07  Overlord  
  30  3:08  Overlord  
  30  3:10  Baneling x3  
  27  3:27  Zergling x2  
  27  3:28  Zergling x2  
  26  3:35  Zergling x2  
  23  3:48  Roach Warren  
  23  3:49  Overlord  
  23  3:53  Queen  
  23  3:54  Baneling x2  
  22  4:15  Evolution Chamber  
  20  4:28  Queen  
  22  4:32  Roach x3  
  28  4:40  Roach  
  32  4:52  Roach  
  32  4:53  Roach  
  32  5:05  Pneumatized Carapace  
  32  5:09  Roach  
  34  5:36  Zergling x2  
  34  5:37  Zergling x6  
  38  5:48  Zergling x2  
  39  5:57  Zergling x2  
  39  5:59  Baneling x3  
  40  6:13  Roach  
  42  6:34  Roach x2  
  46  6:57  Drone  
  46  6:58  Drone  
  46  6:59  Hatchery  
  47  7:03  Drone  
Show
View Real Time Build Order
Export as new Build Order

blackxored Zerg 

Build Orders: Pool First, Zergling Baneling 

Get SALT Encoding   

  12  0:01  Drone  
  13  0:08  Drone  
  14  0:17  Overlord  
  14  0:22  Extractor  
  14  0:23  Drone  
  15  0:37  Drone x2  
  17  0:45  Spawning Pool  
  16  0:50  Drone  
  16  0:52  Extractor  
  16  1:00  Drone  
  17  1:16  Hatchery  
  16  1:19  Drone  
  16  1:21  Drone  
  18  1:28  Drone  
  19  1:38  Overlord  
  19  1:45  Queen  
  21  1:51  Zergling x2  
  22  2:01  Zergling x2  
  23  2:14  Metabolic Boost  
  23  2:16  Zergling x2  
  23  2:20  Spine Crawler  
  24  2:22  Zergling x2  
  24  2:28  Queen  
  26  2:30  Zergling x2  
  27  2:41  Zergling x4  
  29  2:51  Baneling Nest  
  29  2:57  Zergling x10  
  31  3:31  Zergling x12  
  34  3:56  Hatchery  
  33  4:08  Baneling x8  
  27  4:33  Zergling x8  
  27  4:34  Baneling  
  26  4:57  Zergling x8  
  29  5:03  Drone  
  30  5:07  Drone  
  31  5:25  Drone x3  
  31  5:28  Drone  
  35  5:37  Overlord  
  35  5:46  Drone  
  35  5:47  Drone  
  37  5:51  Drone  
  38  6:00  Drone x3  
  41  6:14  Drone x3  
  41  6:15  Drone  
  45  6:19  Drone x2  
  45  6:22  Drone  
  45  6:25  Drone  
  49  6:29  Overlord  
  49  6:43  Drone  
  50  6:49  Drone x3  
  50  6:53  Drone  
  54  6:54  Drone x2  
  54  6:55  Extractor, Drone  
  54  6:57  Drone  
  54  6:58  Drone  
Tags
 
Add a new tag
Caveats
  • Supply blocks, unpowered buildings, or Contaminate may cause inaccurate times.
  • Supply counts are checked every 10 seconds.